 Dungeon Crawl Stone Soup version 0.15.0-13-gb296d5c (console) character file.

157 gw the Skirmisher (level 5, 0/57 HPs)
             Began as an Ogre Berserker on Sept 3, 2014.
             Was a Believer of Trog.
             Slain by a gnoll
             ... wielding a +0 spear
              (2 damage)
             ... on Level 3 of the Dungeon.
             The game lasted 00:01:08 (2716 turns).

gw the Skirmisher (Ogre Berserker)                  Turns: 2716, Time: 00:01:08

HP   0/57        AC  6     Str 22      XL: 5   Next: 38%
MP   5/5         EV 10     Int  6      God: Trog [**....]
Gold 0           SH  0     Dex 10      Spells:  0 memorised,  4 levels left

rFire  . . .     SeeInvis .     a - +2 mace
rCold  . . .     Clarity  .     b - +0 animal skin
rNeg   . . .     rCorr    .     (shield restricted)
rPois  .         rRot     .     (helmet restricted)
rElec  .         Spirit   .     j - +0 cloak
SustAb +         Warding  .     (gloves unavailable)
rMut   .         Stasis   .     (boots unavailable)
Gourm  .                        (no amulet)
MR     ++...                    (no ring)
                                h - ring of sustain abilities

@: regenerating, very resistant to hostile enchantments, very unstealthy
A: unfitting armour, thin metallic scales 1, tough skin 1
a: Burn Spellbooks, Berserk, Trog's Hand, Renounce Religion


You were on level 3 of the Dungeon.
You worshipped Trog.
Trog was pleased with you.
You were hungry.

You visited 1 branch of the dungeon, and saw 3 of its levels.

Inventory:

Hand weapons
 a - a +2 mace (weapon)
Missiles
 e - 132 stones
 n - 4 tomahawks (quivered)
Armour
 b - a +0 animal skin (worn)
 j - a +0 cloak (worn)
Comestibles
 c - a meat ration
 m - a slice of pizza
Scrolls
 d - a scroll of noise {unknown}
 f - 2 scrolls of amnesia {unknown}
 g - 3 scrolls of remove curse
 i - a scroll of identify
 l - a scroll of enchant armour {unknown}
Jewellery
 h - a ring of sustain abilities (left hand)
Potions
 k - a potion of resistance


   Skills:
 + Level 5.3 Fighting
 + Level 5.2 Maces & Flails
 + Level 2.4 Throwing
 + Level 3.6 Dodging


You had 4 spell levels left.
You didn't know any spells.

Dungeon Overview and Level Annotations

Branches:
Dungeon (3/15)

Altars:
Elyvilon
Makhleb
Okawaru
Qazlal
Vehumet


Innate Abilities, Weirdness & Mutations

You are too large for most types of armour.
You have tough skin (AC +1).
You are partially covered in thin metallic scales (AC +2).


Message History

You finish butchering the goblin corpse.
Things that are here:
a dagger; a chunk of goblin flesh The gnoll hits you with a spear!
The gnoll hits you from afar with a spear.
The gnoll hits you with a club.
ATTACKING (-1,-1)
You hit the gnoll.
You kill the gnoll!
Trog accepts your kill. The gnoll hits you with a spear.
The gnoll hits you but does no damage.
ATTACKING (-1,-1)
You sock the hobgoblin!
You kill the hobgoblin!
Trog accepts your kill. The gnoll hits you but does no damage.
The gnoll hits you from afar with a spear.
ATTACKING (-1,-1)
You closely miss the rat. The gnoll hits you with a spear.
You die...

######...#.######.##$##
.###...........##.##
..###..##########...
..##.## #### ...#.# #
##..#.# ##g.##.#
..###..r##.#
#...$...gO..#
....######## ###


You could see 2 gnolls and a rat.

Table legend:
 A = Turns spent in this place as a percentage of turns spent in the entire game.
 B = Non-inter-level travel turns spent in this place as a percentage of non-inter-level travel turns spent in the entire game.
 C = Inter-level travel turns spent in this place as a percentage of turns spent in this place.
 D = Turns resting spent in this place as a percentage of non-inter-level travel turns spent in this place.
 E = Turns spent auto-exploring this place as a percentage of non-inter-level travel turns spent in this place.
 F = Non-inter-level travel turns spent in this place divided by the number of levels of this place that you've seen.
                   A       B       C       D       E      F
               +-------+-------+-------+-------+-------+----------------------
         Total | 100.0 | 100.0 |   1.2 |   7.2 |  22.8 | 199.0
       Dungeon | 100.0 | 100.0 |   1.2 |   7.2 |  22.8 | 199.0
               +-------+-------+-------+-------+-------+----------------------

Table legend:
 A = Kills in this place as a percentage of kills in entire the game.
 B = Kills by you in this place as a percentage of kills by you in the entire game.
 C = Kills by friends in this place as a percentage of kills by friends in the entire game.
 D = Other kills in this place as a percentage of other kills in the entire game.
 E = Experience gained in this place as a percentage of experience gained in the entire game.
 F = Experience gained in this place divided by the number of levels of this place that you have seen.
                   A       B       C       D       E      F
               +-------+-------+-------+-------+-------+----------------------
         Total | 100.0 | 100.0 |  -nan |  -nan | 100.0 |  75.0
       Dungeon | 100.0 | 100.0 |  -nan |  -nan | 100.0 |  75.0
               +-------+-------+-------+-------+-------+----------------------

Vanquished Creatures
  7 gnolls
  3 adders
  A giant gecko (D:2)
  An ooze (D:2)
  4 orcs (D:3)
  2 bats
  2 giant cockroaches (D:1)
  9 goblins
  7 hobgoblins
  2 jackals (D:3)
  2 quokkas
  5 giant newts
  7 kobolds
  5 rats (D:2)
57 creatures vanquished.

Notes
Turn   | Place    | Note
--------------------------------------------------------------
     0 | D:1      | gw, the Ogre Berserker, began the quest for the Orb.
     0 | D:1      | Reached XP level 1. HP: 24/24 MP: 1/1
   312 | D:1      | Reached XP level 2. HP: 32/32 MP: 2/2
   731 | D:2      | Reached skill level 1 in Throwing
   829 | D:2      | Reached XP level 3. HP: 39/39 MP: 3/3
  1063 | D:2      | Acquired Trog's second power
  1425 | D:2      | Found a burning altar of Makhleb.
  1449 | D:2      | Found a white marble altar of Elyvilon.
  1450 | D:2      | Found a radiant altar of Vehumet.
  1616 | D:2      | Reached XP level 4. HP: 49/49 MP: 4/4
  1624 | D:2      | Reached skill level 5 in Maces & Flails
  1792 | D:2      | Gained mutation: You are partially covered in thin metallic scales (AC +2). [potion of beneficial mutation]
  2014 | D:3      | Found a stormy altar of Qazlal.
  2186 | D:3      | Reached XP level 5. HP: 53/55 MP: 5/5
  2339 | D:3      | Found an iron altar of Okawaru.
  2355 | D:3      | Reached skill level 5 in Fighting
  2714 | D:3      | HP: 2/57 [gnoll/spear (5)]
  2716 | D:3      | Slain by a gnoll

Action                   |  1- 3 |  4- 6 || total
-------------------------+-------+-------++-------
Melee: Mace              |    88 |    65 ||   153
Throw: Stone             |    61 |       ||    61
       Tomahawk          |     1 |    18 ||    19
Invok: Berserk           |     1 |     1 ||     2
       Trog's Hand       |     1 |     1 ||     2
  Use: Potion            |     3 |     6 ||     9
       Scroll            |     3 |     2 ||     5
  Eat: Chunk             |     2 |     5 ||     7

Vault maps used:
D:1:      lightli_arrival_statue_moat
D:2:      nicolae_overflow_hidden_temple, gammafunk_temple_overflow_statue,
          uniq_sigmund
D:3:      yredelemnul_forgotten_temple_becter, okawaru_altar_gauntlet_db,
          lemuel_crystal_altar, hex_tiny, minmay_cupped
